AoeStats
← Not noob.Just tired.

Arena

505651639Analyzed
4v4 RM · 23d ago on Sep 10, 2026· 40m 41s· 8 players
Game mode
Random Map
Map size
Large (8 player)
Population
200
Speed
Normal
Resources
Standard
Victory
Conquest
Starting age
Dark Age
Ending age
Imperial Age
RankedLock teamsTeams togetherTeam positionsShared explorationLock speedFull tech treeHidden civsTurbo modeCheats
Victory
Defeat
🇨🇳 Japanese · China
1472
+12
1439
+13
🇨🇳 Mongols · China
1431
+13
🇨🇳 Shu · China
1387
+15
🇯🇵 Mongols · Japan
1432
-15
🇨🇳 Franks · China
1387
-14
🇨🇳 Britons · China
1339
-12
🇨🇿 Bohemians · Czechia
1333
-12
不会进攻
10:33 Feudal Age
15:32 Castle Age
14:27 Double-Bit Axe
17:36 Wheelbarrow
17:14 Bow Saw
18:24 Loom
26:49 Hand Cart
31:07 Imperial Age
28:47 Gold Mining
30:06 Gold Shaft Mining
29:22 Stone Mining
30:02 Scale Barding Armor
30:07 Forging
31:05 Chain Barding Armor
31:38 Husbandry
32:16 Iron Casting
32:12 Conscription
31:53 Chivalry
31:22 Cavalier
34:01 Plate Barding Armor
坐边打一波就跑
11:13 Feudal Age
12:00 Stone Mining
12:19 Double-Bit Axe
15:39 Castle Age
13:33 Horse Collar
14:22 Loom
14:29 Fletching
16:24 Heavy Plow
tktk
9:47 Feudal Age
10:39 Loom
14:32 Castle Age
12:50 Double-Bit Axe
13:08 Horse Collar
15:25 Bow Saw
20:45 Stone Mining
22:34 Wheelbarrow
23:40 Hand Cart
23:59 Fletching
24:39 Bodkin Arrow
26:25 Gold Mining
27:29 Padded Archer Armor
30:39 Imperial Age
28:54 Gold Shaft Mining
28:55 Stone Shaft Mining
28:22 Heavy Plow
29:36 Leather Archer Armor
29:52 Bloodlines
29:43 Husbandry
30:09 Thumb Ring
30:51 Ballistics
29:59 Light Cavalry
30:57 Scale Barding Armor
31:03 Forging
32:30 Chemistry
31:32 Bracer
31:53 Murder Holes
32:47 Parthian Tactics
31:48 Elite Mangudai
33:20 Masonry
34:05 Chain Barding Armor
35:01 Iron Casting
34:58 Hussar
36:08 Town Watch
36:06 Capped Ram
36:06 Heavy Scorpion
36:12 Onager
39:05 Blast Furnace
38:10 Siege Onager
39:41 Capped Ram
klines
0:33 Loom
9:36 Feudal Age
16:58 Castle Age
21:50 Fletching
30:57 Imperial Age
32:10 Chemistry
33:05 Double-Bit Axe
莽村车神李有田
9:53 Feudal Age
13:37 Castle Age
12:21 Double-Bit Axe
16:48 Loom
20:44 Fletching
23:22 Bodkin Arrow
25:14 Forging
25:25 Bow Saw
29:28 Padded Archer Armor
30:45 Horse Collar
32:20 Heavy Plow
32:36 Leather Archer Armor
34:43 Wheelbarrow
40:00 Imperial Age
37:53 Nomads
38:13 Hand Cart
37:54 Gold Mining
40:01 Gold Shaft Mining
39:16 Stone Mining
40:43 Ballistics
40:39 Thumb Ring
41:09 Conscription
40:38 Capped Ram
爱烤番薯的机长
11:21 Feudal Age
12:05 Double-Bit Axe
15:04 Castle Age
13:15 Horse Collar
16:32 Bow Saw
17:34 Wheelbarrow
20:57 Hand Cart
22:57 Gold Mining
27:47 Imperial Age
25:04 Town Watch
25:23 Loom
26:50 Scale Barding Armor
26:56 Forging
27:27 Gold Shaft Mining
27:09 Heavy Plow
27:52 Chain Barding Armor
27:50 Stone Mining
28:44 Iron Casting
28:18 Grand Trunk Road
28:31 Bloodlines
27:48 Heavy Camel Rider
28:50 Conscription
29:09 Plate Barding Armor
28:55 Bloodlines
29:05 Bloodlines
28:56 Husbandry
30:53 Chemistry
29:31 Imperial Camel Rider
31:50 Blast Furnace
32:26 Siege Engineers
32:54 Masonry
35:09 Fletching
35:41 Ballistics
35:17 Murder Holes
35:58 Shatagni
36:56 Bodkin Arrow
38:12 Coinage
37:46 Bracer
37:59 Fortified Wall
38:34 Stone Shaft Mining
38:46 Hoardings
40:01 Banking
Not noob.Just tired.
10:40 Feudal Age
14:28 Castle Age
13:09 Horse Collar
16:48 Wheelbarrow
16:23 Double-Bit Axe
19:42 Heavy Plow
20:57 Gold Mining
21:35 Bow Saw
24:38 Hand Cart
28:54 Imperial Age
26:18 Fletching
26:34 Loom
26:54 Bodkin Arrow
27:21 Ballistics
27:14 Stone Mining
26:58 Crossbowman
27:49 Thumb Ring
27:45 Padded Archer Armor
29:39 Leather Archer Armor
30:45 Chemistry
29:46 Bracer
29:10 Arbalester
31:09 Conscription
32:38 Bolt Magazine
33:34 Ring Archer Armor
33:28 Scale Mail Armor
35:05 Pikeman
35:45 Squires
36:01 Chain Mail Armor
37:19 Plate Mail Armor
37:14 Siege Engineers
37:44 Coiled Serpent Array
40:05 Forging
40:10 Guilds
MrFUNAN
11:12 Feudal Age
14:58 Castle Age
13:15 Double-Bit Axe
14:29 Horse Collar
16:27 Bow Saw
22:39 Heavy Plow
25:25 Wheelbarrow
25:17 Loom
25:18 Town Watch
26:13 Gold Mining
26:13 Stone Mining
28:15 Gold Shaft Mining
31:12 Imperial Age
28:46 Guard Tower
28:51 Fletching
29:34 Yasama
30:01 Murder Holes
29:47 Treadmill Crane
30:29 Bodkin Arrow
31:04 Hand Cart
30:50 Town Patrol
32:11 Ballistics
32:29 Town Patrol
33:33 Chemistry
33:09 Keep
32:41 Bracer
35:11 Siege Engineers
34:54 Arrowslits
35:57 Padded Archer Armor
36:09 Masonry
38:24 Leather Archer Armor
38:16 Siege Engineers
38:23 Fortified Wall
Connection lost

Rejoining the realm…

Still unreachable

The connection could not be restored.

Session expired

The server has moved on; the page needs a fresh start.